 Dungeon Crawl Stone Soup version 0.21-a0-311-g9ae2175 (webtiles) character file.

7 Jannitor the Covered (level 2, 29/29 HPs)
             Began as a Gnoll Wanderer on Sept 29, 2017.
             Quit the game on level 1 of the Dungeon.
             The game lasted 00:01:00 (101 turns).

Jannitor the Covered (Gnoll Wanderer)                Turns: 101, Time: 00:01:01

Health: 29/29      AC:  7    Str: 15    XL:     2   Next: 4%
Magic:  3/3        EV:  9    Int: 12    God:
Gold:   0          SH:  8    Dex: 15    Spells: 3/3 levels left

rFire    . . .     SeeInvis .   e - +0 club
rCold    . . .     Gourm    .   a - +0 shield
rNeg     . . .     Faith    .   d - +0 ring mail
rPois    .         Spirit   .   (no helmet)
rElec    .         Reflect  .   (no cloak)
rCorr    .         Harm     .   (no gloves)
MR       .....                  i - +0 pair of boots
Stlth    +.........             (no amulet)
HPRegen  0.09/turn              (no ring)
MPRegen  0.08/turn              (no ring)

@: no status effects
A: distributed training, fangs 1, strong nose
a: no special abilities


You were on level 1 of the Dungeon.
You were not hungry.

You visited 1 branch of the dungeon, and saw 1 of its levels.

Inventory:

Hand Weapons
 b - a +0 shortbow
 e - a +0 club (weapon)
Missiles
 c - 27 arrows
Armour
 a - a +0 shield (worn)
 d - a +0 ring mail (worn)
 i - a +0 pair of boots (worn)
Potions
 g - a potion of might {unknown}
Comestibles
 f - a bread ration
 h - 4 fruits


   Skills:
 + Level 6.4 Fighting
 + Level 0.0 Short Blades
 + Level 0.0 Long Blades
 + Level 0.0 Axes
 + Level 2.6 Maces & Flails
 + Level 0.0 Polearms
 + Level 0.0 Staves
 + Level 0.8 Slings
 + Level 0.8 Bows
 + Level 0.0 Crossbows
 + Level 0.0 Throwing
 + Level 6.4 Armour
 + Level 2.6 Dodging
 + Level 2.1 Stealth
   Level 0.0 Stabbing
 + Level 2.3 Shields
   Level 0.0 Traps
 + Level 0.8 Unarmed Combat
 + Level 1.3 Spellcasting
 + Level 0.0 Conjurations
 + Level 0.8 Hexes
 + Level 0.0 Charms
 + Level 0.0 Summonings
 + Level 0.8 Necromancy
 + Level 0.0 Translocations
 + Level 0.0 Transmutations
 + Level 0.0 Fire Magic
 + Level 0.0 Ice Magic
 + Level 0.8 Air Magic
 + Level 0.0 Earth Magic
 + Level 0.0 Poison Magic
 + Level 0.0 Invocations
 + Level 0.0 Evocations


You had 3 spell levels left.
You didn't know any spells.

Dungeon Overview and Level Annotations

Branches:
Dungeon (1/15)

Altars:


Innate Abilities, Weirdness & Mutations

Your experience applies equally to all skills.
You have very sharp teeth.
Your uncanny sense of smell can sniff out nearby items.


Message History

A bat is nearby!
A bat is nearby!
You block the bat's attack. The bat closely misses you.
You block the bat's attack.
You hit the bat. You bite the bat.
You kill the bat!
Your Spellcasting skill increases to level 1!
You have reached level 2!
h - 4 fruits You see here a pair of boots.
i - a pair of boots Wear which item? (? for menu, Esc to quit)
You start putting on your armour.
You continue putting on your pair of boots. x4
Magic restored.
You finish putting on your +0 pair of boots.
Unknown command.
Unknown command.
Are you sure you want to abandon this character and quit the game? (Confirm with "yes".)

#..........## #.#
#####.)..#..# #.#
#...#....### #.#
#...####...#####.# #####...##
##.....##.## ##...#....#
##.##...... #.........##
#........#
#...........##########..#
#.......@....#......†....
##############........####.##
≈≈≈≈≈≈≈≈.............##.##...
≈≈≈≈≈≈....≈≈≈...#....##.##...
≈≈≈.....≈≈≈≈≈...#..#.........
≈≈...≈≈≈≈≈≈.≈≈≈....#.........
....≈≈.≈≈≈≈..≈....##.........
...≈≈≈≈≈≈≈≈≈≈..........).....
....≈≈≈<≈≈≈..≈.≈..#.....[....


There were no monsters in sight!

Vanquished Creatures
  2 bats (D:1)
  A hobgoblin (D:1)
  2 kobolds (D:1)
  A frilled lizard (D:1)
6 creatures vanquished.

Notes
Turn   | Place    | Note
-------+----------+-------------------------------------------
     0 | D:1      | Jannitor the Gnoll Wanderer began the quest for the Orb.
     0 | D:1      | Jannitor set off with: a +0 shield, a +0 shortbow, 27 arrows, a +0 ring mail, a +0 club, a bread ration
     0 | D:1      | Reached XP level 1. HP: 23/23 MP: 1/1
    85 | D:1      | Reached skill level 1 in Spellcasting
    85 | D:1      | Reached XP level 2. HP: 29/29 MP: 1/3
   101 | D:1      | Quit the game

Vault maps used:
D:1:      dpeg_arrival_more_subterranean_lakeside_camping

Skill      XL: |  1 |
---------------+----+-----
Spellcasting   | 1 |  1.3
Fighting       | |  6.4
Maces & Flails | |  2.6
Slings         | |  0.8
Bows           | |  0.8
Armour         | |  6.4
Dodging        | |  2.6
Stealth        | |  2.1
Shields        | |  2.3
Unarmed Combat | |  0.8
Hexes          | |  0.8
Necromancy     | |  0.8
Air Magic      | |  0.8

Action                   || total
-------------------------++-------
Melee: Club              ||    32
       Bite              ||     4
 Stab: Sleeping          ||     1
Armor: Ring mail         ||     9
Dodge: Dodged            ||    21
Block: Shield            ||    20

Table legend:
 A = Spawn XP
 B = Non-spawn XP
 C = Spawn XP percentage of total XP
 D = Spawn monster count
 E = Non-spawn monster count
 F = Spawn count percentage of total count
 G = Total turns spent on level
                    A         B        C        D         E        F      G
               +---------+---------+-------+---------+---------+-------+---------
         Total |       0 |      11 |   0.0 |       0 |       6 |   0.0 |   101
               +---------+---------+-------+---------+---------+-------+---------
           D:1 |       0 |      11 |   0.0 |       0 |       6 |   0.0 |   101
               +---------+---------+-------+---------+---------+-------+---------
